AoeStats
← PeJeLaGaRtO

Arabia

510191282Analyzed
1v1 RM · 2d ago on Sep 29, 2026· 46m 32s· 2 players
Game mode
Random Map
Map size
Tiny (2 player)
Population
200
Speed
Normal
Resources
Standard
Victory
Conquest
Starting age
Dark Age
Ending age
Imperial Age
RankedLock teamsTeams togetherTeam positionsShared explorationLock speedFull tech treeHidden civsTurbo modeCheats
Victory
Defeat
🇦🇷 Byzantines · Argentina
454
+3
🇲🇽 Spanish · Mexico
31
-3
Ryuk7035
11:47 Feudal Age
21:04 Double-Bit Axe
21:11 Loom
22:06 Wheelbarrow
24:23 Horse Collar
28:11 Castle Age
31:53 Scale Barding Armor
31:59 Forging
31:52 Scale Mail Armor
31:43 Fletching
32:41 Ballistics
33:50 Stone Mining
33:50 Gold Mining
41:43 Imperial Age
39:41 Town Watch
40:17 Bow Saw
42:45 Squires
42:30 Gambesons
PeJeLaGaRtO
7:45 Loom
11:03 Feudal Age
12:16 Double-Bit Axe
15:01 Horse Collar
22:19 Castle Age
21:26 Wheelbarrow
21:39 Gold Mining
23:28 Heavy Plow
26:24 Bow Saw
26:31 Pikeman
27:11 Squires
27:40 Forging
28:00 Hand Cart
31:41 Imperial Age
28:51 Elite Skirmisher
32:37 Thumb Ring
32:02 Halberdier
32:57 Heavy Camel Rider
34:02 Stone Mining
34:48 Gold Shaft Mining
36:26 Iron Casting
35:57 Scale Barding Armor
36:53 Crop Rotation
37:36 Ballistics
40:32 Two-Man Saw
43:13 Stone Shaft Mining
44:04 Chemistry
43:08 Scale Mail Armor
43:28 Chain Barding Armor
43:12 Padded Archer Armor
43:03 Fletching
47:00 Chain Mail Armor
47:21 Plate Barding Armor
Connection lost

Rejoining the realm…

Still unreachable

The connection could not be restored.

Session expired

The server has moved on; the page needs a fresh start.